 Dungeon Crawl Stone Soup version 0.18-a0-373-gaf408bd (webtiles) character file.

652 endege the Ruffian (level 7, 0/67 HPs)
             Began as a Troll Berserker on Nov 29, 2015.
             Was an Initiate of Makhleb.
             Slain by a black bear (2 damage)
             ... created by the rage of Trog
             ... on level 4 of the Dungeon.
             The game lasted 00:03:39 (3437 turns).

endege the Ruffian (Troll Berserker)                Turns: 3437, Time: 00:03:40

Health: 0/67       AC:  5    Str: 29    XL:     7   Next: 28%
Magic:  6/6        EV:  8    Int:  3    God:    Makhleb [......]
Gold:   237        SH:  9    Dex: 11    Spells: 0 memorised, 6 levels left

rFire  . . .     SeeInvis .       - Unarmed
rCold  . . .     Clarity  .     a - +0 animal skin
rNeg   . . .     SustAt   .     f - +0 shield
rPois  .         Gourm    +     (helmet restricted)
rElec  .         Spirit   .     (no cloak)
rCorr  .         Warding  .     (gloves unavailable)
rMut   .         Stasis   .     (boots unavailable)
MR     .....                    (no amulet)
Stlth  +.........               (no ring)
                                i - +3 ring of strength

@: not resistant to hostile enchantments, very unstealthy
A: unfitting armour, claws 3, fast metabolism 3, gourmand, regeneration 2,
shaggy fur 1, tough skin 2
a: Renounce Religion


You were on level 4 of the Dungeon.
You worshipped Makhleb.
Makhleb was noncommittal.
You were not hungry.

You visited 2 branches of the dungeon, and saw 5 of its levels.

You collected 237 gold pieces.


Innate Abilities, Weirdness & Mutations

You are too large for most types of armour.
You have claws for hands.
Your metabolism is lightning-fast.
You like to eat raw meat.
You heal very quickly.
You are covered in fur (AC +1).
You have very tough skin (AC +2).


   Skills:
 - Level 3.5 Fighting
 - Level 2.9 Dodging
 + Level 1.7 Shields
 + Level 7.2 Unarmed Combat


You had 6 spell levels left.
You didn't know any spells.

Inventory:

Armour
 a - a +0 animal skin (worn)
 f - a +0 shield (worn)
Jewellery
 g - a cursed -2 ring of dexterity {unknown}
 i - a +3 ring of strength (left claw)
Scrolls
 e - a scroll of identify
 j - 2 scrolls of random uselessness {unknown}
 k - 2 scrolls of remove curse
Potions
 h - 2 potions of haste
 n - a potion of curing {unknown}
Comestibles
 b - 6 bread rations
 c - 2 meat rations
 m - a beef jerky

Dungeon Overview and Level Annotations

Branches:
Dungeon (4/15)             Temple (1/1) D:4

Altars:
Ashenzari
Cheibriados
Dithmenos
Elyvilon
Fedhas
Kikubaaqudgha
Makhleb
Nemelex Xobeh
Qazlal
Ru
Sif Muna
Trog
Vehumet
Xom
Zin

Shops:
D:4 (


Message History

* * * LOW HITPOINT WARNING * * *
The black bear claws you.
* * * LOW HITPOINT WARNING * * *
The black bear barely misses you. The black bear closely misses you.
The black bear claws you.
* * * LOW HITPOINT WARNING * * *
The black bear claws you.
* * * LOW HITPOINT WARNING * * *
You claw the polar bear!
The polar bear is lightly wounded.
You block the black bear's attack. The black bear claws you.
* * * LOW HITPOINT WARNING * * *
You block the black bear's attack. You block the polar bear's attack.
The polar bear claws you.
* * * LOW HITPOINT WARNING * * *
The polar bear claws you but does no damage.
The black bear bites you!
* * * LOW HITPOINT WARNING * * *
The black bear claws you.
You die...

._........##.#.......###.#.#####.
....[#....##.#.............#.....
....##.......#.#.\.#..##.#.#.####
...##).....##.......#.##...#.#
#.##.).....##.......#..###.#.####
#...)....######.....##.###.#.....
##########.~~~##h...##..##.######
###%~~~###hhh.###.##.##..<.
#######.'..._\##@h..# #.##.......
........#.~~~###.h..# #.##.##....
...####.##.~~~##....###..#.######
...# #..######.#................
...# #.........#.######.#.######
...# #.........#.# #...# ####
#.........#.# ##..######
#.........#.# #.......#
#.........#.# #..####.#


You could see a polar bear (berserk) and 5 black bears.

Vanquished Creatures
  The ghost of Raultor the Changer, an amateur DrTm (D:4)
  An ogre (D:4)
  The ghost of asdu the Cudgeler, an amateur HuWn of Ashenzari (D:3)
  A crimson imp (D:4)
  4 river rats (D:4)
  8 adders
  5 gnolls (D:4)
  An ooze (D:4)
  2 worms
  An adder skeleton (D:4)
  5 giant geckos
  4 orcs (D:2)
  9 hobgoblins
  4 quokkas
  2 ball pythons
  5 bats
  3 giant cockroaches
  5 giant newts
  5 goblins
  13 kobolds
  11 rats
91 creatures vanquished.

Vanquished Creatures (others)
  A goblin (D:2)
1 creature vanquished.

Grand Total: 92 creatures vanquished

Notes
Turn   | Place    | Note
--------------------------------------------------------------
     0 | D:1      | endege the Troll Berserker began the quest for the Orb.
     0 | D:1      | Reached XP level 1. HP: 22/22 MP: 0/0
     0 | D:1      | 0 ||| counter = 49
   174 | D:1      | Reached XP level 2. HP: 29/29 MP: 1/1
   457 | D:1      | Found a shattered altar of Ashenzari.
   476 | D:1      | Reached ** piety under Trog
   630 | D:1      | 630 ||| READING 3 scrolls labeled XINYARYTOMM.
   631 | D:1      | 631 ||| READING scroll labeled CEBODWI DEPH.
   653 | D:1      | Reached skill level 4 in Unarmed Combat
   676 | D:2      | 676 ||| STAIRDANCE
   734 | D:2      | Reached XP level 3. HP: 36/36 MP: 2/2
   842 | D:2      | Found a radiant altar of Vehumet.
  1026 | D:2      | 1026 ||| INVOKING Berserk.
  1028 | D:2      | Reached XP level 4. HP: 44/44 MP: 3/3
  1072 | D:2      | 1072 ||| Stepping ~*~*~tactically~*~*~ (outnumbered).
  1073 | D:2      | 1073 ||| Stepping ~*~*~tactically~*~*~ (outnumbered).
  1074 | D:2      | 1074 ||| Stepping ~*~*~tactically~*~*~ (outnumbered).
  1124 | D:2      | Reached skill level 5 in Unarmed Combat
  1310 | D:2      | 1310 ||| READING scroll labeled IVOLIES GIUTS.
  1311 | D:2      | 1311 ||| READING scroll labeled RUMIW ALOMM.
  1316 | D:2      | 1316 ||| READING 2 scrolls labeled OSAMNE ASSOI.
  1317 | D:2      | 1317 ||| READING 2 scrolls of identify.
  1317 | D:2      | 1317 ||| IDENTIFYING sapphire potion
  1318 | D:2      | 1318 ||| DROPPING potion of cancellation.
  1334 | D:3      | 1334 ||| STAIRDANCE
  1339 | D:3      | 1339 ||| STAIRDANCE
  1341 | D:2      | 1341 ||| Stepping ~*~*~tactically~*~*~ (outnumbered).
  1357 | D:3      | 1357 ||| STAIRDANCE
  1383 | D:3      | Reached *** piety under Trog
  1625 | D:3      | Noticed asdu's ghost (amateur HuWn)
  1630 | D:3      | 1630 ||| INVOKING Berserk.
  1635 | D:3      | Killed asdu's ghost
  1635 | D:3      | Reached XP level 5. HP: 50/50 MP: 4/4
  1981 | D:3      | Reached skill level 6 in Unarmed Combat
  2041 | D:3      | 2041 ||| READING scroll labeled ITTARPH SUODWUO.
  2042 | D:3      | 2042 ||| READING scroll labeled MARUUT QUSU.
  2043 | D:3      | 2043 ||| READING scroll labeled GOBIJU EROLED.
  2044 | D:3      | 2044 ||| DRINKING 2 golden potions.
  2045 | D:3      | 2045 ||| READING 5 scrolls of identify.
  2045 | D:3      | 2045 ||| IDENTIFYING silver ring
  2046 | D:3      | 2046 ||| UPGRADING to +3 ring of strength.
  2047 | D:3      | 2047 ||| READING 4 scrolls of identify.
  2047 | D:3      | 2047 ||| IDENTIFYING fizzy clear potion
  2048 | D:3      | 2048 ||| READING 3 scrolls of identify.
  2048 | D:3      | 2048 ||| IDENTIFYING puce potion
  2049 | D:3      | 2049 ||| READING 2 scrolls of identify.
  2049 | D:3      | 2049 ||| IDENTIFYING pink potion
  2050 | D:3      | 2050 ||| DROPPING potion of mutation.
  2051 | D:3      | 2051 ||| DROPPING potion of agility.
  2086 | D:4      | Found Xivueqy's Antique Weapon Shop.
  2090 | D:4      | Noticed Raultor's ghost (amateur DrTm)
  2095 | D:4      | 2095 ||| INVOKING Berserk.
  2103 | D:4      | Killed Raultor's ghost
  2103 | D:4      | Reached skill level 3 in Fighting
  2103 | D:4      | Reached XP level 6. HP: 51/61 MP: 5/5
  2154 | D:4      | 2154 ||| READING scroll of teleportation.
  2354 | D:4      | Found a staircase to the Ecumenical Temple.
  2355 | D:4      | Found a shimmering altar of Xom.
  2359 | Temple   | Entered the Ecumenical Temple
  2360 | Temple   | 2360 ||| Entered T.
  2597 | Temple   | 2597 ||| UPGRADING to shield.
  2654 | D:4      | 2654 ||| Stepping ~*~*~tactically~*~*~ (outnumbered).
  2661 | D:4      | 2661 ||| INVOKING Berserk.
  2665 | D:4      | HP: 21/91 [gnoll/spear (5)]
  2670 | D:4      | Reached skill level 7 in Unarmed Combat
  2779 | D:4      | Reached XP level 7. HP: 67/67 MP: 6/6
  2780 | D:4      | Found a burning altar of Makhleb.
  2796 | D:4      | Fell from the grace of Trog
  2796 | D:4      | Became a worshipper of Makhleb the Destroyer
  2986 | D:4      | Reached skill level 1 in Shields
  3430 | D:4      | Noticed a polar bear
  3430 | D:4      | 3430 ||| Stepping ~*~*~tactically~*~*~ (outnumbered).
  3432 | D:4      | 3432 ||| Stepping ~*~*~tactically~*~*~ (outnumbered).
  3434 | D:4      | 3434 ||| Stepping ~*~*~tactically~*~*~ (outnumbered).
  3435 | D:4      | HP: 8/67 [black bear[the rage of Trog] (11)]
  3436 | D:4      | 3436 ||| DRINKING potion of heal wounds.
  3437 | D:4      | HP: 2/67 [black bear[the rage of Trog] (8)]
  3437 | D:4      | Slain by a black bear

Vault maps used:
D:1:      dpeg_arrival_rooms_a, evilmike_ruin_ashenzari
D:2:      fiery_altar_vehumet
D:4:      wad_woods_tower, lemuel_round_altar, makhleb_grotto_becter,
          minmay_temple_entry_statues_pillars, first_bread, serial_shops, shop
Temple:   hc_temple_tempest_star

Action                   |  1- 3 |  4- 6 |  7- 9 || total
-------------------------+-------+-------+-------++-------
Melee: Unarmed           |    96 |   129 |    33 ||   258
Throw: Javelin           |       |     8 |     4 ||    12
Invok: Berserk           |     1 |     3 |       ||     4
  Use: Scroll            |     2 |    12 |       ||    14
       Potion            |       |     1 |     1 ||     2
 Stab: Sleeping          |       |     2 |       ||     2
  Eat: Chunk             |    15 |    18 |     4 ||    37
